 Dungeon Crawl Stone Soup version 0.25.1-2-g60ff931df9 (webtiles) character file.

Game seed: 40773582999299827

98 Asdor the Skirmisher (level 4, -9/35 HPs)
             Began as a Demonspawn Abyssal Knight on Oct 19, 2020.
             Was a Believer of Lugonu.
             Killed by divine providence
             ... invoked by an orc priest
              (12 damage)
             ... on level 3 of the Dungeon on Oct 20, 2020.
             The game lasted 00:04:12 (1882 turns).

Asdor the Skirmisher (Demonspawn Abyssal Knight)    Turns: 1882, Time: 00:04:13

Health: -9/35      AC:  3    Str: 14    XL:     4   Next: 44%
Magic:  5/5        EV: 12    Int: 13    God:    Lugonu [**....]
Gold:   161        SH:  4    Dex: 12    Spells: 3/3 levels left

rFire    . . .     SeeInvis .   a - +1 spear
rCold    . . .     Gourm    .   (no shield)
rNeg     . . .     Faith    .   b - +0 leather armour
rPois    .         Spirit   .   (no helmet)
rElec    .         Reflect  .   (no cloak)
rCorr    .         Harm     .   (no gloves)
MR       .....                  (no boots)
Stlth    +.........             (no amulet)
HPRegen  0.11/turn              (no ring)
MPRegen  0.09/turn              (no ring)

@: no status effects
A: hooves 1, large bone plates 1, spiny 1
a: Depart the Abyss, Bend Space, Renounce Religion


You were on level 3 of the Dungeon.
You worshipped Lugonu.
Lugonu was pleased with you.
You were not hungry.

You visited 1 branch of the dungeon, and saw 3 of its levels.
You visited the Abyss 1 time.

You collected 161 gold pieces.

Inventory:

Hand Weapons
 a - a +1 spear (weapon)
Armour
 b - a +0 leather armour (worn)
Scrolls
 e - 4 scrolls of fear
 g - a scroll of immolation {unknown}
 i - 2 scrolls of magic mapping
 k - 2 scrolls of remove curse {unknown}
 m - 2 scrolls of random uselessness {unknown}
 n - a scroll of teleportation {unknown}
 o - 3 scrolls of enchant armour {unknown}
 p - 2 scrolls of amnesia {unknown}
Potions
 d - 2 potions of curing
 h - a potion of haste
 j - a potion of invisibility {unknown}
 l - a potion of stabbing
Comestibles
 c - 8 rations
 f - a chunk of flesh


   Skills:
 - Level 3.4 Fighting
 * Level 3.3 Polearms
 - Level 2.0 Armour
 - Level 2.0 Dodging
 - Level 2.4 Invocations


You had 3 spell levels left.
You didn't know any spells.
Your spell library was empty.

Dungeon Overview and Level Annotations

Branches:
Dungeon (3/15)

Altars:


Innate Abilities, Weirdness & Mutations

You have large cloven feet.
You are partially covered in large bone plates. (SH +4)
You are partially covered in sharp spines.


Message History

You barely miss the orc priest. Your kick misses the orc priest.
The orc priest is heavily wounded.
You block the orc priest's attack.
You hit the orc priest.
The orc priest is severely wounded.
The orc priest misses you.
You closely miss the orc priest.
You kick the orc priest, but do no damage.
The orc priest is severely wounded.
You hit the orc priest.
You kick the orc priest, but do no damage.
The orc priest is severely wounded.
The orc priest calls down the wrath of Beogh upon you.
Beogh smites you!
* * * LOW HITPOINT WARNING * * *
You hit the orc priest. Your kick misses the orc priest.
The orc priest is almost dead.
The orc priest mumbles some strange prayers to Beogh against you.
Beogh smites you!
You die...

# #. #.# #. # #.# #.#
#.####.#.####.####
##.#.#.#.#.#.#.#.#
#.#.#.#.#.#.#.#.#.
#######.#.#.#.#.#.#.#.#
#<.....#.#.#.#.#.#.#.#.
.#######)#.#.#.#.#.#.#.#
....boo@#.#.#.#.#.#.#.#.
########.#)#.#.#.#.#.#.#
#.#.#.#.#.#.#.#.#.
##.#.#.#.#.#.#.#.#
#.#.#.#.#.#.#.#.#.
##.#.#.#.#.#.#.#.#
#.#.#.#.#.#.#.#.#.
##.#.#.#.#.#.#.#.#
#.#.#.#.#.#.#.#.#.


You could see an orc priest, an orc and a bat.

Vanquished Creatures
  2 adders
  3 oozes
  A worm (D:2)
  4 dart slugs
  3 orcs (D:3)
  10 bats
  2 giant cockroaches
  6 goblins
  7 hobgoblins
  4 jackals (D:1)
  2 kobolds
  A quokka (D:2)
  6 rats
51 creatures vanquished.

Vanquished Creatures (others)
  17 starspawn tentacles (Abyss:1)
17 creatures vanquished.

Grand Total: 68 creatures vanquished

Notes
Turn   | Place    | Note
-------+----------+-------------------------------------------
     0 | Abyss:1  | Asdor the Demonspawn Abyssal Knight began the quest for the
                  | Orb.
     0 | Abyss:1  | Reached XP level 1. HP: 18/18 MP: 2/2
     0 | Abyss:1  | Found a corrupted altar of Lugonu.
    91 | Abyss:1  | Noticed a tentacled starspawn
    91 | Abyss:1  | Noticed a wight
   109 | Abyss:1  | Noticed a small abomination
   113 | Abyss:1  | Noticed a shadow demon
   115 | Abyss:1  | Noticed a small abomination
   119 | Abyss:1  | Noticed a tentacled starspawn
   150 | Abyss:1  | Noticed a small abomination
   155 | Abyss:1  | Noticed a white draconian shifter
   157 | D:1      | Escaped the Abyss
   297 | D:1      | Gained mutation: You are partially covered in sharp spines.
                  | [demonic ancestry]
   297 | D:1      | Reached XP level 2. HP: 22/24 MP: 3/3
   401 | D:1      | Reached * piety under Lugonu
   401 | D:1      | Reached skill level 1 in Dodging
   826 | D:1      | Gained mutation: You have large cloven feet. [demonic
                  | ancestry]
   826 | D:1      | Reached XP level 3. HP: 29/29 MP: 4/4
  1195 | D:2      | Reached ** piety under Lugonu
  1214 | D:2      | Gained mutation: You are partially covered in large bone
                  | plates. (SH +4) [demonic ancestry]
  1214 | D:2      | Reached XP level 4. HP: 35/35 MP: 5/5
  1882 | D:3      | Killed from afar by an orc priest

Illustrated notes

Levels and vault maps discovered:
D:1:      scummos_arrival_forest, layout_loops_cross
D:2:      layout_loops_cross
D:3:      lemuel_upstairs_altar, layout_basic, lemuel_doored_altar,
          lemuel_crystal_altar, uniq_natasha, uniq_terence, uniq_sigmund

Skill      XL: |  1  2  3  4 |
---------------+-------------+-----
Polearms       | 2 3 |  3.3
Armour         | 2 |  2.0
Dodging        | 1 2 |  2.0
Fighting       | |  3.4
Invocations    | |  2.4

Action                   |  1- 3 |  4- 6 || total
-------------------------+-------+-------++-------
Melee: Spear             |    97 |    41 ||   138
       Kick              |     7 |     8 ||    15
Invok: Depart the Abyss  |     1 |       ||     1
  Use: Scroll            |     2 |     3 ||     5
 Stab: Sleeping          |     1 |       ||     1
       Distracted        |     1 |       ||     1
  Eat: Chunk             |     1 |     2 ||     3
Armor: Leather armour    |    11 |     4 ||    15
Dodge: Dodged            |    35 |    11 ||    46
Block: Other             |       |     4 ||     4
